 Dungeon Crawl Stone Soup version 0.31-a0-1612-g4aaf141004 (webtiles) character file.

Game seed: 17741571603491880307

273 subawu the Ruffian (level 6, 0/47 HPs)
             Began as a Gnoll Shapeshifter on Jan 9, 2024.
             Incinerated by a bombardier beetle (6 damage)
             ... with a burning spray
             ... on level 4 of the Dungeon.
             The game lasted 00:06:19 (3122 turns).

subawu the Ruffian (Gnoll Shapeshifter)             Turns: 3122, Time: 00:06:20

Health: 0/47       AC:  9    Str: 15    XL:     6   Next: 23%
Magic:  9/9        EV: 10    Int:  9    God:
Gold:   216        SH:  0    Dex: 12    Spells: 9/9 levels left

rFire   x . .        i - +0 short sword
rCold   + + .        (no shield)
rNeg    . . .        l - +0 ice dragon scales
rPois   .            (helmet currently unavailable)
rElec   .            (cloak currently unavailable)
rCorr   .            (gloves currently unavailable)
SInv    .            (boots currently unavailable)
Will    .....        (no amulet) Stlth
                     (no ring)
HPRegen 0.27/turn    (no ring)
MPRegen 0.11/turn

%: no passive effects
@: on fire, beast-form, glowing
A: beast (slay +3), fangs 1, strong nose, distributed training
a: Begin Untransformation


You were on level 4 of the Dungeon.
You were a hulking beast.
You visited 1 branch of the dungeon, and saw 4 of its levels.

You collected 216 gold pieces.

Inventory:

Hand Weapons
 i - a +0 short sword (weapon)
 o - a +0 dagger
Missiles
 f - 12 poisoned darts (quivered)
 g - 60 stones
 v - 4 atropa-tipped darts
Armour
 a - a +0 animal skin
 h - a +0 ring mail
 l - +0 ice dragon scales (worn)
 n - a +0 helmet
Magical Staves
 t - a staff of conjuration
Jewellery
 y - a +6 ring of dexterity
 B - a ring of protection from fire
Talismans
 c - a beast talisman
 d - a flux talisman
Scrolls
 e - a scroll of amnesia {unknown}
 m - a scroll of teleportation {unknown}
 p - 3 scrolls of brand weapon {unknown}
 q - a scroll of fog {unknown}
 r - 2 scrolls of identify {unknown}
 u - 2 scrolls of enchant weapon {unknown}
 A - a scroll of immolation {unknown}
Potions
 b - a potion of lignification
 j - 2 potions of mutation {unknown}
 k - a potion of brilliance {unknown}
 s - 2 potions of curing {unknown}
 w - a potion of resistance {unknown}
 x - a potion of heal wounds {unknown}
 z - a potion of haste {unknown}


   Skills:
 + Level 3.2 Fighting
 + Level 2.0 Short Blades
 + Level 2.0 Long Blades
 + Level 2.0 Axes
 + Level 2.0 Maces & Flails
 + Level 2.0 Polearms
 + Level 2.0 Staves
 + Level 2.0 Ranged Weapons
 + Level 2.0 Throwing
 + Level 2.0 Armour
 + Level 5.0 Dodging
 + Level 2.0 Stealth
 + Level 2.0 Shields
 + Level 6.8 Unarmed Combat
 + Level 2.0 Spellcasting
 + Level 1.5 Conjurations
 + Level 1.5 Hexes
 + Level 1.5 Summonings
 + Level 1.5 Necromancy
 + Level 1.5 Translocations
 + Level 1.5 Fire Magic
 + Level 1.5 Ice Magic
 + Level 1.5 Air Magic
 + Level 1.5 Earth Magic
 + Level 1.5 Alchemy
 + Level 2.1 Invocations
 + Level 2.0 Evocations
 + Level 6.7 Shapeshifting


You had 9 spell levels left.
You didn't know any spells.
Your spell library contained the following spells:

 Spells                   Type           Power      Damage    Failure   Level
 Apportation              Tloc           6%         N/A       67%         1
 Blink                    Tloc           6%         N/A       80%         2
 Jinxbite                 Hex            6%         N/A       80%         2
 Lesser Beckoning         Tloc           6%         N/A       80%         2
 Momentum Strike          Conj/Tloc      6%         3d8       80%         2
 Alistair's Intoxication  Alch           2%         N/A       100%        5


Dungeon Overview and Level Annotations

Branches:
Dungeon (4/15)
 Temple: D:4-7

Altars:
Cheibriados

Shops:
D:4 =

Annotations:
D:4 Sigmund


Innate Abilities, Weirdness & Mutations

You are a hulking beast.
Your limbs bulge with bestial killing power. (Slay +3)
You have very sharp teeth.
Your uncanny sense of smell can sniff out nearby items.
Your experience applies equally to all skills.


Message History

The goblin is severely wounded.
The goblin misses you.
You completely miss the goblin. You bite the goblin.
You kill the goblin!
An orc comes into view. It is wielding a +0 dagger.
Things that are here:
a +0 dagger; a +0 club; a +0 scale mail The orc shouts!
You hear a shout!
A bombardier beetle comes into view.
The bombardier beetle sprays incendiary fluid at you.
The burning spray hits you.
You are covered in liquid fire!
You puncture the bombardier beetle!
The bombardier beetle is moderately wounded.
The liquid fire burns you! The bombardier beetle bites you.
You hit the bombardier beetle but do no damage.
The bombardier beetle is moderately wounded.
The liquid fire burns you!
Sigmund the Dreaded comes into view.
He is wielding a +0 scythe.
You hit the bombardier beetle but do no damage.
The bombardier beetle is moderately wounded.
The liquid fire burns you! The bombardier beetle bites you.
The orc barely misses you.
You hit the bombardier beetle.
The bombardier beetle is heavily wounded.
The liquid fire burns you!
You barely miss the bombardier beetle.
The bombardier beetle is heavily wounded.
The liquid fire burns you!
* * * LOW HITPOINT WARNING * * *
The orc closely misses you.
Sigmund hits you from afar with a +0 scythe!
* * * LOW HITPOINT WARNING * * *
The bombardier beetle misses you.
You hit the bombardier beetle but do no damage.
You bite the bombardier beetle, but do no damage.
The bombardier beetle is heavily wounded.
The liquid fire burns you!
You die...

... .. ..#. #..## #.
.#.. #...# #.##
.#..###..###..#### ∆
##. #...#..###....##
#.. #...#...#..##...
#.@##...#...#†#####.
#B.###.###..# #.
#ho.....)..## #.
#..###.###.# #.
#..##...#...## #.
#.. #...#...# ## ##.
#...#..##
.#..###..## ∆ .#..
...# ..#. #..##


You could see Sigmund, a bombardier beetle and an orc.

Vanquished Creatures
  The ghost of bobo the Shooter, an amateur DEHs (D:3)
  Jessica (D:2)
  An iguana (D:4)
  An orc wizard (D:3)
  5 adders
  4 dart slugs
  5 orcs
  7 ball pythons
  9 endoplasms
  4 giant cockroaches
  4 goblins
  3 hobgoblins (D:2)
  9 kobolds
  3 quokkas
  3 bats
  4 frilled lizards
  10 rats
74 creatures vanquished.

Notes
Turn   | Place    | Note
-------+----------+-------------------------------------------
     0 | D:1      | subawu the Gnoll Shapeshifter began the quest for the Orb.
     0 | D:1      | Reached XP level 1. HP: 17/17 MP: 1/1
   257 | D:1      | Reached XP level 2. HP: 19/23 MP: 2/2
   619 | D:1      | Reached XP level 3. HP: 27/28 MP: 3/3
   910 | D:2      | Reached skill level 1 in Invocations
  1055 | D:2      | Noticed Jessica
  1068 | D:2      | Killed Jessica
  1069 | D:2      | Reached skill level 1 in Short Blades
  1069 | D:2      | Reached skill level 1 in Long Blades
  1069 | D:2      | Reached skill level 1 in Axes
  1069 | D:2      | Reached skill level 1 in Maces & Flails
  1069 | D:2      | Reached skill level 1 in Polearms
  1069 | D:2      | Reached skill level 1 in Staves
  1069 | D:2      | Reached skill level 1 in Ranged Weapons
  1069 | D:2      | Reached skill level 1 in Throwing
  1069 | D:2      | Reached skill level 1 in Armour
  1069 | D:2      | Reached skill level 1 in Stealth
  1069 | D:2      | Reached skill level 1 in Shields
  1069 | D:2      | Reached skill level 1 in Spellcasting
  1069 | D:2      | Reached skill level 1 in Evocations
  1069 | D:2      | Reached XP level 4. HP: 26/34 MP: 5/5
  1157 | D:2      | Reached skill level 1 in Conjurations
  1157 | D:2      | Reached skill level 1 in Hexes
  1157 | D:2      | Reached skill level 1 in Summonings
  1157 | D:2      | Reached skill level 1 in Necromancy
  1157 | D:2      | Reached skill level 1 in Translocations
  1157 | D:2      | Reached skill level 1 in Fire Magic
  1157 | D:2      | Reached skill level 1 in Ice Magic
  1157 | D:2      | Reached skill level 1 in Air Magic
  1157 | D:2      | Reached skill level 1 in Earth Magic
  1157 | D:2      | Reached skill level 1 in Alchemy
  1710 | D:3      | Reached XP level 5. HP: 31/40 MP: 5/7
  2418 | D:3      | Found a runed translucent gate.
  2418 | D:3      | Found a runed translucent gate.
  2418 | D:3      | Found a runed translucent gate.
  2419 | D:3      | Noticed bobo's ghost (amateur DEHs)
  2447 | D:3      | Killed bobo's ghost
  2448 | D:3      | Reached XP level 6. HP: 31/47 MP: 8/8
  2702 | D:4      | Found Citt's Jewellery Emporium.
  2755 | D:4      | Found a snail-covered altar of Cheibriados.
  2948 | D:4      | Reached skill level 5 in Dodging
  3118 | D:4      | Noticed Sigmund
  3122 | D:4      | Incinerated by a bombardier beetle

Illustrated notes

Levels and vault maps discovered:
D:1:      tarquinn_simple_flora_water_b, layout_loops_ring
D:2:      layout_basic, uniq_jessica
D:3:      layout_basic, ebering_ghost_rock_garden, grunt_decor_resistance,
          hangedman_decor_clover_reticule
D:4:      layout_basic, old_standard_altar, serial_shops, shop, nicolae_titane,
          uniq_sigmund, uniq_grinder

Skill      XL: |  1  2  3  4  5  6 |
---------------+-------------------+-----
Invocations    | 1 2 |  2.1
Short Blades   | 1 2 |  2.0
Long Blades    | 1 2 |  2.0
Axes           | 1 2 |  2.0
Maces & Flails | 1 2 |  2.0
Polearms       | 1 2 |  2.0
Staves         | 1 2 |  2.0
Ranged Weapons | 1 2 |  2.0
Throwing       | 1 2 |  2.0
Armour         | 1 2 |  2.0
Stealth        | 1 2 |  2.0
Shields        | 1 2 |  2.0
Spellcasting   | 1 2 |  2.0
Evocations     | 1 2 |  2.0
Conjurations   | 1 |  1.5
Hexes          | 1 |  1.5
Summonings     | 1 |  1.5
Necromancy     | 1 |  1.5
Translocations | 1 |  1.5
Fire Magic     | 1 |  1.5
Ice Magic      | 1 |  1.5
Air Magic      | 1 |  1.5
Earth Magic    | 1 |  1.5
Alchemy        | 1 |  1.5
Fighting       | 3 |  3.2
Dodging        | 5 |  5.0
Unarmed Combat | |  6.8
Shapeshifting  | |  6.7

Action                     |  1- 3 |  4- 6 || total
---------------------------+-------+-------++-------
  Melee: Unarmed           |    64 |    53 ||   117
         Bite              |     1 |    17 ||    18
         Short sword       |       |    97 ||    97
         Punch             |       |     4 ||     4
   Stab: Sleeping          |     1 |       ||     1
 Armour: Ring mail         |    14 |       ||    14
         Animal skin       |     1 |       ||     1
         Ice dragon scales |    14 |   117 ||   131
  Dodge: Dodged            |    40 |    69 ||   109

Table legend: (Time is in decaauts)
 A = Elapsed time spent in this place.
 B = Non-inter-level travel time spent in this place.
 C = Inter-level travel time spent in this place.
 D = Time resting spent in this place.
 E = Time spent auto-exploring this place.
 F = Levels seen in this place.
 G = Mean time per level.
                   A        B        C        D        E       F      G
               +--------+--------+--------+--------+--------+-----+--------+
         Total |   3098 |   3084 |     14 |      0 |   2023 |   4 |  774.5 |
       Dungeon |   3098 |   3084 |     14 |      0 |   2023 |   4 |  774.5 |
               +--------+--------+--------+--------+--------+-----+--------+

Top non-repeatable levels by time:
     D:3: 1153 daAuts
     D:1: 844 daAuts
     D:2: 627 daAuts
     D:4: 473 daAuts
